 Dungeon Crawl Stone Soup version 0.28.0-49-g6dfe1f597d (webtiles) character file.

Game seed: 5021542678682406559

149 101zpm the Magician (level 5, -1/35 HPs)
             Began as a Djinni Fire Elementalist on May 15, 2022.
             Killed by divine providence
             ... invoked by an orc priest
              (11 damage)
             ... on level 4 of the Dungeon.
             The game lasted 00:03:56 (3080 turns).

101zpm the Magician (Djinni Fire Elementalist)      Turns: 3080, Time: 00:03:56

Health: -1/35      AC:  5    Str:  7    XL:     5   Next: 57%
Gold:   110        EV: 12    Int: 18    God:
                   SH:  0    Dex: 14

rFire   + + .      SeeInvis .   (no weapon)
rCold   x . .      Faith    .   (no shield)
rNeg    . . .      Spirit   .   a - +0 robe
rPois   ∞          Reflect  .   (no helmet)
rElec   .          Harm     .   d - +2 cloak {rCorr}
rCorr   +          Rampage  .   (no gloves)
Will    .....                   (boots unavailable)
Stlth   ++........              (no amulet)
HPRegen 0.11/turn               (no ring)
MPRegen 0.00/turn               (no ring)

@: flying, very slightly contaminated
A: sickness immunity, fire resistance 2, cold vulnerability 1, float, innate
caster, HP casting, extra vitality 1
a: no special abilities


You were on level 4 of the Dungeon.
You visited 1 branch of the dungeon, and saw 4 of its levels.

You collected 110 gold pieces.

Inventory:

Armour
 a - a +0 robe (worn)
 d - a +2 cloak of preservation (worn)
Wands
 g - a wand of iceblast (6)
Scrolls
 b - 3 scrolls of identify {unknown}
 c - 2 scrolls of immolation {unknown}
 f - a scroll of torment {unknown}
 h - a scroll of enchant weapon {unknown}
 i - a scroll of fog {unknown}
 j - a scroll of vulnerability {unknown}
Potions
 e - a potion of berserk rage {unknown}


   Skills:
 + Level 2.3 Dodging
 + Level 2.0 Stealth
 + Level 4.3 Spellcasting


You couldn't memorise any spells.
You knew the following spells:

 Your Spells              Type           Power      Damage    Failure   Level
a - Foxfire               Conj/Fire      76%        2x1d7     2%          1
b - Scorch                Fire           38%        2d7       3%          2
c - Conjure Flame         Conj/Fire      19%        6-21      7%          3
d - Inner Flame           Hex/Fire       19%        N/A       7%          3
e - Flame Wave            Conj/Fire      19%        2d6       24%         4
f - Freeze                Ice            76%        1d9       2%          1
g - Corpse Rot            Necr/Air       38%        N/A       3%          2
Your spell library was empty.

Dungeon Overview and Level Annotations

Branches:
Dungeon (4/15)
 Temple: D:4-7

Altars:
Ru


Innate Abilities, Weirdness & Mutations

You are immune to sickness and miasma.
You are immune to poison.
Your flesh is very heat resistant. (rF++)
You are vulnerable to cold. (rC-)
You float through the air rather than walking.
You learn spells naturally, not from books.
Your magical power is your life essence.
You have superior vitality. (+4 MHP)


Message History

The foxfire hits the orc priest.
The orc priest is severely wounded.
The orc priest drinks a potion.
The orc priest is healed!
Your foxfire dissipates!
You fly upwards.
There is a stone staircase leading down here.
You start resting.
Your magical contamination has completely faded away.
You start resting.
HP restored.
You fly downwards.
The hobgoblin hits you.
There is a stone staircase leading up here.
Casting: Inner Flame (dangerous; 8% risk of failure)
Confirm with . or Enter, or press ? or * to list all spells.
Flames lash the hobgoblin.
You kill the hobgoblin!
The orc priest invokes the aid of Beogh against you.
Beogh smites you!
Casting: Scorch (safe; 3% risk of failure)
Confirm with . or Enter, or press ? or * to list all spells.
Aiming: Inner Flame (dangerous; 7% risk of failure)
Press: ? - help, Dir - move target, f - orc
Aim: an orc, wielding a +0 club and wearing a +0 leather armour (chance to affect: 86%)
The orc is filled with an inner flame.
Casting: Inner Flame (dangerous; 7% risk of failure)
Confirm with . or Enter, or press ? or * to list all spells.
Flames lash the orc.
The orc explodes!
Casting: Scorch (safe; 3% risk of failure)
Confirm with . or Enter, or press ? or * to list all spells.
Aiming: Inner Flame (dangerous; 7% risk of failure)
Press: ? - help, Dir - move target, f - orc priest
Aim: an orc priest, wielding a +0 flail (chance to affect: 74%)
You miscast Inner Flame.
You are very lightly contaminated with residual magic.
Nothing appears to happen.
* * * LOW HITPOINT WARNING * * *
The orc priest invokes the aid of Beogh against you.
Beogh smites you!
You die...

. .. ...
##### §...
##...#§§...
#.†<.§§§o..
#..@..)[...
#..........
#....##....
#....# ...
##...# .
#...# .....
.....


You could see an orc priest.

Vanquished Creatures
  A jelly (D:4)
  An orc wizard (D:4)
  Ijyb (D:3)
  A hound skeleton (D:4)
  2 adders
  A dart slug (D:1)
  3 orcs (D:4)
  2 endoplasms
  3 giant cockroaches
  4 hobgoblins
  A quokka (D:3)
  A ball python (D:3)
  A bat (D:1)
  3 frilled lizards
  5 goblins
  5 kobolds
  4 rats
39 creatures vanquished.

Vanquished Creatures (others)
  177 foxfires
177 creatures vanquished.

Grand Total: 216 creatures vanquished

Notes
Turn   | Place    | Note
-------+----------+-------------------------------------------
     0 | D:1      | 101zpm the Djinni Fire Elementalist began the quest for the
                  | Orb.
     0 | D:1      | Reached XP level 1. HP: 15/15 MP: 0/0
   332 | D:1      | Reached XP level 2. HP: 16/21 MP: 0/0
  1347 | D:1      | Reached skill level 3 in Spellcasting
  1348 | D:1      | Reached XP level 3. HP: 17/25 MP: 0/0
  1348 | D:1      | Learned a level 1 spell: Freeze
  1605 | D:1      | Found a faded altar of an unknown god.
  1881 | D:3      | Found a sacrificial altar of Ru.
  2059 | D:3      | Noticed Ijyb
  2063 | D:3      | Killed Ijyb
  2064 | D:3      | Reached XP level 4. HP: 23/31 MP: 0/0
  2573 | D:4      | Reached skill level 4 in Spellcasting
  2573 | D:4      | Reached XP level 5. HP: 15/35 MP: 0/0
  2573 | D:4      | Learned a level 2 spell: Corpse Rot
  3080 | D:4      | Killed from afar by an orc priest

Illustrated notes

Levels and vault maps discovered:
D:1:      saegor_arrival_fortress, layout_loops_ring,
          shapermc_ecumenical_altar_mp_highgroup, due_unseen_surprise
D:2:      layout_basic
D:3:      layout_basic, lemuel_round_altar, uniq_ijyb
D:4:      layout_gridville, grunt_temple_overflow_open, temple_hall

Skill      XL: |  1  2  3  4 |
---------------+-------------+-----
Spellcasting   | 3 4 |  4.3
Stealth        | 2 |  2.0
Dodging        | |  2.3

Action                   |  1- 3 |  4- 6 || total
-------------------------+-------+-------++-------
 Cast: Foxfire           |    84 |    28 ||   112
       Scorch            |     3 |     8 ||    11
       Inner Flame       |     1 |     4 ||     5
       Corpse Rot        |       |     1 ||     1
Armor: Robe              |     3 |       ||     3
Dodge: Dodged            |     2 |     1 ||     3
